 Dungeon Crawl Stone Soup version 0.28-a0-802-g09f76e8c00 (webtiles) character file.

Game seed: 5285879064341357168

2 flotson the Sneak (level 1, 0/18 HPs)
             Began as a Demonspawn Delver on Nov 7, 2021.
             Succumbed to a kobold's poison
             ... in a sewer.
             The game lasted 00:00:43 (71 turns).

flotson the Sneak (Demonspawn Delver)                 Turns: 71, Time: 00:00:43

Health: 0/18       AC:  3    Str: 12    XL:     1   Next: 33%
Magic:  1/1        EV: 11    Int: 11    God:
Gold:   0          SH:  0    Dex: 14    Spells: 0/0 levels left

rFire   . . .      SeeInvis .   a - +0 hand axe
rCold   . . .      Faith    .   (no shield)
rNeg    . . .      Spirit   .   b - +0 leather armour
rPois   .          Reflect  .   (no helmet)
rElec   .          Harm     .   (no cloak)
rCorr   .          Rampage  .   (no gloves)
Will    .....                   (no boots)
Stlth   ++........              (no amulet)
HPRegen 0.06/turn               (no ring)
MPRegen 0.07/turn               (no ring)

@: lethally poisoned (0 -> -1), hasted, very quick
A: no striking features
a: no special abilities


You were in a sewer.
You visited 1 branch of the dungeon, and saw 1 of its levels.
You also visited: Sewer.

Inventory:

Hand Weapons
 a - a +0 hand axe (weapon)
Armour
 b - a +0 leather armour (worn)
Wands
 g - a wand of digging (3)
Scrolls
 d - a scroll of magic mapping


   Skills:
 + Level 3.0 Fighting
 - Level 1.7 Axes
 + Level 0.2 Armour
 + Level 1.8 Dodging
 - Level 4.5 Stealth


You couldn't memorise any spells.
You didn't know any spells.
Your spell library was empty.

Dungeon Overview and Level Annotations

Branches:
Dungeon (5/15)              Sewer (1/1)
 Temple: D:4-7

Altars:

Annotations:
D:5 Pikel


Message History

The jackal bites you but does no damage.
You hit the kobold.
You kill the kobold!
You barely miss the jackal. The jackal bites you.
You closely miss the jackal. The jackal barely misses you.
The kobold throws a poisoned dart.
The poisoned dart hits you!
You are poisoned.
You closely miss the jackal.
You feel sick.
The jackal bites you but does no damage.
You hit the kobold but do no damage. You hit the jackal.
You feel sick.
The jackal bites you but does no damage.
The kobold closely misses you. The jackal barely misses you.
You hit the kobold.
You kill the kobold!
You hit the jackal but do no damage.
You feel sick.
The jackal bites you but does no damage.
You closely miss the jackal.
The jackal is lightly wounded.
You feel sick. The jackal barely misses you.
You hit the jackal but do no damage.
The jackal is lightly wounded.
You feel sick. The jackal closely misses you.
You closely miss the jackal.
The jackal is lightly wounded.
The jackal bites you.
* * * LOW HITPOINT WARNING * * *
You barely miss the jackal.
The jackal is lightly wounded.
You feel sick. The jackal closely misses you.
You hit the jackal but do no damage.
The jackal is lightly wounded.
You feel sick. The jackal bites you.
* * * LOW HITPOINT WARNING * * *
You aren't carrying any potions.
As you read the scroll of fear, it crumbles to dust.
You assume a fearsome visage.
The jackal looks frightened!
You aren't carrying any potions.
As you read the scroll of fog, it crumbles to dust.
The scroll dissolves into smoke.
You die...

#? ≈# #. ≈#
##.# ≈#
#...##≈##
#...#.≈.#
#.K...≈.#
#.Kh..h≈###..
#####K≈.....≈
#.§§@§≈≈###..
#.∩§§§§.#
#.§.#.≈.#
#...##≈##
##### ≈# ≈#
##


You could see a jackal (fleeing) and a kobold.

Vanquished Creatures
  A jackal (Sewer)
  2 kobolds (Sewer)
3 creatures vanquished.

Notes
Turn   | Place    | Note
-------+----------+-------------------------------------------
     0 | D:5      | flotson the Demonspawn Delver began the quest for the Orb.
     0 | D:5      | Reached XP level 1. HP: 18/18 MP: 1/1
     3 | D:5      | Noticed a lemure
     3 | D:5      | Noticed Pikel
    25 | D:5      | Found a glowing drain.
    35 | Sewer    | Entered a sewer
    71 | Sewer    | Succumbed to a kobold's poison

Illustrated notes

Levels and vault maps discovered:
D:5:      layout_rooms, nicolae_ashenzari_skybound, minmay_temple_entry_glass,
          cheibrodos_sewer_entry_bend, uniq_pikel, uniq_menkaure
Sewer:    sewer_the_moccasin

Action                   || total
-------------------------++-------
Melee: Hand axe          ||    16
  Use: Scroll            ||     2
       Potion            ||     1
Armor: Leather armour    ||     5
Dodge: Dodged            ||    15

Table legend: (Time is in decaauts)
 A = Elapsed time spent in this place.
 B = Non-inter-level travel time spent in this place.
 C = Inter-level travel time spent in this place.
 D = Time resting spent in this place.
 E = Time spent auto-exploring this place.
 F = Levels seen in this place.
 G = Mean time per level.
                   A        B        C        D        E       F      G
               +--------+--------+--------+--------+--------+-----+--------+
         Total |     70 |     70 |      0 |      0 |     17 |   2 |   35.0 |
       Dungeon |     38 |     38 |      0 |      0 |      3 |   1 |   38.0 |
         Sewer |     32 |     32 |      0 |      0 |     14 |   1 |   32.0 |
               +--------+--------+--------+--------+--------+-----+--------+

Top non-repeatable levels by time:
     D:5: 38 daAuts
   Sewer: 32 daAuts
